 Dungeon Crawl Stone Soup version 0.30.0-19-g36f170ea60 (webtiles) character file.

Game seed: 5178878424382071424

1230 bmack86 the Cleaver (level 8, -5/64 HPs)
             Began as a Minotaur Fighter on May 29, 2023.
             Slain by Duvessa
             ... wielding a +0 short sword
              (14 damage)
             ... on level 6 of the Dungeon.
             The game lasted 00:11:28 (4642 turns).

bmack86 the Cleaver (Minotaur Fighter)              Turns: 4642, Time: 00:11:29

Health: -5/64      AC: 12    Str: 23    XL:     8   Next: 24%
Magic:  7/7        EV:  8    Int:  5    God:
Gold:   212        SH:  4    Dex: 10    Spells: 7/7 levels left

rFire   . . .        a - +1 war axe
rCold   . . .        c - +0 buckler
rNeg    . . .        B - +0 chain mail
rPois   .            (helmet restricted)
rElec   .            (no cloak)
rCorr   +            (no gloves)
SInv    +            p - +2 pair of boots {Stlth+}
Will    .....        (no amulet) Stlth
                     q - ring of see invisible
HPRegen 0.30/turn    A - ring of resist corrosion
MPRegen 0.10/turn

%: no passive effects
@: mighty
A: horns 2, retaliatory headbutt
a: no special abilities


You were on level 6 of the Dungeon.
You visited 2 branches of the dungeon, and saw 7 of its levels.

You collected 212 gold pieces.

Inventory:

Hand Weapons
 a - a +1 war axe (weapon)
Missiles
 s - 2 throwing nets (quivered)
Armour
 b - a +0 scale mail
 c - a +0 buckler (worn)
 p - a +2 pair of boots of stealth (worn)
 B - a +0 chain mail (worn)
Jewellery
 q - a ring of see invisible (left hand)
 A - a ring of resist corrosion (right hand)
Scrolls
 f - a scroll of fog
 l - a scroll of poison
 v - a scroll of teleportation
Potions
 d - 2 potions of might
 i - 7 potions of curing
 j - 2 potions of brilliance
 k - 3 potions of attraction
 m - a potion of ambrosia {unknown}
 n - a potion of resistance {unknown}
 o - 2 potions of lignification
 r - a potion of haste {unknown}
 t - 2 potions of mutation {unknown}
 u - a potion of heal wounds {unknown}
 w - a potion of invisibility {unknown}
 z - a potion of berserk rage {unknown}
 C - a potion of degeneration {unknown}


   Skills:
 - Level 3.6 Fighting
 + Level 12.0 Axes
 - Level 3.6 Armour
 - Level 3.6 Shields


You had 7 spell levels left.
You didn't know any spells.
Your spell library contained the following spells:

 Spells                   Type           Power      Damage    Failure   Level
 Sandblast                Erth           0%         2d4       98%         1
 Summon Small Mammal      Summ           0%         N/A       98%         1
 Passwall                 Tmut/Erth      0%         N/A       99%         2
 Call Canine Familiar     Summ           0%         N/A       100%        3
 Stone Arrow              Conj/Erth      0%         3d7       100%        3
 Summon Guardian Golem    Hex/Summ       0%         N/A       100%        3


Dungeon Overview and Level Annotations

Branches:
Dungeon (6/15)             Temple (1/1) D:4

Altars:
Ashenzari
Dithmenos
Uskayaw
Vehumet
Xom
Yredelemnul
Zin

Annotations:
D:6 Duvessa


Innate Abilities, Weirdness & Mutations

You have a pair of horns on your head.
You reflexively headbutt those who attack you in melee.


Message History

The ice beast is heavily wounded.
You feel sick.
The ice beast hits you but does no damage.
You slash the ice beast!
You kill the ice beast!
You feel sick.
Your Axes skill increases to level 12!
Found 18 gold pieces.
You feel sick. Duvessa hits you but does no damage.
Duvessa hits you with a +0 short sword!
You hit Duvessa. Your headbutt misses Duvessa.
Duvessa is lightly wounded.
You feel sick. You block Duvessa's attack.
You hit Duvessa but do no damage. You headbutt Duvessa.
Duvessa is lightly wounded.
You feel sick. Duvessa hits you but does no damage. x2
You hit Duvessa. You headbutt Duvessa.
Duvessa is moderately wounded.
You feel sick. Duvessa barely misses you.
You slash Duvessa!
Duvessa is heavily wounded.
You feel sick. You block Duvessa's attack.
You barely miss Duvessa.
Duvessa is heavily wounded.
You feel sick.
You are no longer poisoned.
Duvessa hits you with a +0 short sword. Duvessa hits you with a +0 short sword!
* * * LOW HITPOINT WARNING * * *
You slash Duvessa! Your headbutt misses Duvessa.
Duvessa is severely wounded.
Duvessa hits you with a +0 short sword!
* * * LOW HITPOINT WARNING * * *
You closely miss Duvessa.
Duvessa is severely wounded.
Duvessa hits you but does no damage. You block Duvessa's attack.
You closely miss Duvessa. Your headbutt misses Duvessa.
Duvessa is severely wounded.
Duvessa barely misses you.
You feel very mighty all of a sudden. Duvessa closely misses you.
Duvessa hits you with a +0 short sword!
You die...

####... ....$.#
#.#.......^...#
.............. #
.............# #.
#............
...##...#........
........#..##....
.......e@†.......
.......).........
.......#.........
......###........
...... ##.#......
##### #.<.......
#............
#............
...............


You could see Duvessa (berserk).

Vanquished Creatures
  Grinder (D:4)
  An ice beast (D:6)
  A centaur (D:5)
  2 scorpions
  Dowan (D:6)
  A howler monkey (D:4)
  3 hounds (D:5)
  An orc priest (D:5)
  3 iguanas
  6 orc wizards
  Robin (D:2)
  8 adders
  7 gnolls
  2 shadow imps (D:5)
  A white imp (D:5)
  An ufetubus (D:5)
  A worm (D:2)
  A dart slug (D:3)
  22 orcs
  3 bats
  7 endoplasms
  3 giant cockroaches
  13 goblins
  11 hobgoblins
  2 jackals (D:5)
  2 quokkas
  4 ball pythons
  2 frilled lizards (D:2)
  5 kobolds
  3 rats
119 creatures vanquished.

Notes
Turn   | Place    | Note
-------+----------+-------------------------------------------
     0 | D:1      | bmack86 the Minotaur Fighter began the quest for the Orb.
     0 | D:1      | Reached XP level 1. HP: 19/19 MP: 0/0
    63 | D:1      | Reached skill level 3 in Axes
   440 | D:1      | Found a faded altar of an unknown god.
   524 | D:1      | Reached XP level 2. HP: 26/26 MP: 1/1
  1075 | D:2      | Noticed Robin
  1090 | D:2      | Reached skill level 4 in Axes
  1105 | D:2      | Reached XP level 3. HP: 6/31 MP: 0/2
  1106 | D:2      | Killed Robin
  1313 | D:2      | Reached skill level 5 in Axes
  1375 | D:2      | Found a basalt altar of Yredelemnul.
  1742 | D:3      | Reached XP level 4. HP: 38/39 MP: 3/3
  1853 | D:3      | Reached skill level 6 in Axes
  1932 | D:3      | Reached XP level 5. HP: 10/45 MP: 4/4
  2515 | D:4      | Noticed Grinder
  2525 | D:4      | Killed Grinder
  2526 | D:4      | Reached skill level 8 in Axes
  2526 | D:4      | Reached XP level 6. HP: 20/51 MP: 5/5
  2663 | D:4      | Reached skill level 9 in Axes
  2717 | D:4      | Found a staircase to the Ecumenical Temple.
  2725 | Temple   | Entered the Ecumenical Temple
  2877 | D:4      | Reached XP level 7. HP: 44/57 MP: 6/6
  3499 | D:5      | Entered Level 5 of the Dungeon
  3567 | D:5      | Reached skill level 10 in Axes
  4076 | D:5      | Reached skill level 11 in Axes
  4358 | D:5      | Reached XP level 8. HP: 62/64 MP: 7/7
  4620 | D:6      | Noticed Dowan
  4627 | D:6      | Noticed Duvessa
  4630 | D:6      | Killed Dowan
  4633 | D:6      | Reached skill level 12 in Axes
  4642 | D:6      | Slain by Duvessa

Illustrated notes

Levels and vault maps discovered:
D:1:      dpeg_arrival_short_road, layout_basic, serial_corexii_hall,
          corexii_hall_statues_t, chequers_hall_statues_wall_a,
          corexii_hall_statues_i, chequers_hall_statues_wall_a,
          ebering_ecumenical_altar_petrified, minmay_misc_feat_iff,
          chequers_serial_rivers_small_b
D:2:      layout_basic, basic_altar, uniq_robin
D:3:      layout_basic, hex_large
D:4:      layout_loops_ring, temple_fountains, uniq_grinder
D:5:      layout_gridville
D:6:      layout_cave_pools, fountainhead, uniq_duvessa
Temple:   nicolae_temple_superstar

Skill      XL: |  1  2  3  4  5  6  7  8 |
---------------+-------------------------+-----
Axes           | 3 4 5 6 8 9 11 12 | 12.0
Fighting       | |  3.6
Armour         | |  3.6
Shields        | |  3.6

Action                     |  1- 3 |  4- 6 |  7- 9 || total
---------------------------+-------+-------+-------++-------
  Melee: War axe           |    86 |    77 |   123 ||   286
         Headbutt          |    12 |     7 |    15 ||    34
    Use: Scroll            |       |       |    11 ||    11
         Potion            |       |       |     1 ||     1
 Armour: Scale mail        |    45 |    33 |    55 ||   133
         Chain mail        |       |       |    23 ||    23
  Dodge: Dodged            |    50 |    27 |    53 ||   130
  Block: Buckler           |    23 |    12 |    24 ||    59
